 Dungeon Crawl Stone Soup version 0.21.1-1-g345015f (webtiles) character file.

242 kae the Insei (level 6, -8/41 HPs)
             Began as an Octopode Transmuter on June 14, 2018.
             Mangled by an ice beast (10 damage)
             ... on level 4 of the Dungeon.
             The game lasted 00:02:42 (3571 turns).

kae the Insei (Octopode Transmuter)                 Turns: 3571, Time: 00:02:42

Health: -8/41      AC:  1    Str:  9    XL:     6   Next: 9%
Magic:  4/10       EV: 14    Int: 16    God:
Gold:   255        SH:  0    Dex: 14    Spells: 4/10 levels left

rFire    . . .     SeeInvis .     - Unarmed
rCold    . . .     Gourm    .   (no shield)
rNeg     . . .     Faith    .   (helmet restricted)
rPois    .         Spirit   .   (no amulet)
rElec    .         Reflect  .   (no ring)
rCorr    .         Harm     .   (no ring)
MR       .....                  (no ring)
Stlth    ++........             (no ring)
HPRegen  0.13/turn              (no ring)
MPRegen  0.12/turn              (no ring)
                                (no ring)
                                (no ring)

@: very slightly contaminated
A: almost no armour, stealthy swim, amphibious, 8 rings, constrict 8, camouflage
1, gelatinous body 1
a: no special abilities


You were on level 4 of the Dungeon.
You were not hungry.

You visited 1 branch of the dungeon, and saw 4 of its levels.

You collected 255 gold pieces.

Inventory:

Missiles
 a - 13 arrows
Jewellery
 i - an uncursed ring of stealth {unknown}
 o - a +4 ring of evasion {unknown}
Scrolls
 f - 2 scrolls of enchant armour
 g - a scroll of fog {unknown}
 h - 2 scrolls of remove curse
 l - a scroll of enchant weapon
Potions
 d - 2 potions of brilliance
 e - a potion of flight {unknown}
 j - 2 potions of might {unknown}
 k - a potion of magic {unknown}
 m - 2 potions of lignification {unknown}
Books
 b - a book of Changes

   Spells                             Type                      Level
   a - Beastly Appendage              Transmutation                1
   b - Sticks to Snakes               Transmutation                2
   c - Spider Form                    Transmutation/Poison         3
   d - Ice Form                       Ice/Transmutation            4
   e - Blade Hands                    Transmutation                5
Comestibles
 c - 5 rations
 p - 3 chunks of flesh


   Skills:
 + Level 2.5 Fighting
 + Level 3.1 Dodging
 * Level 4.4 Unarmed Combat
 + Level 2.8 Spellcasting
 + Level 3.1 Transmutations


You had 4 spell levels left.
You knew the following spells:

 Your Spells              Type           Power        Failure   Level  Hunger
a - Beastly Appendage     Tmut           ##....       5%          1    #......
b - Sticks to Snakes      Tmut           ##......     8%          2    ##.....
c - Spider Form           Tmut/Pois      #.........   30%         3    ###....


Dungeon Overview and Level Annotations

Branches:
Dungeon (4/15)
 Temple: D:4-7

Altars:
Dithmenos
Gozag
Hepliaklqana
Ru
Wu Jian
Zin
The Shining One

Annotations:
D:3 1 runed door, kae's ghost, amateur OpTm


Innate Abilities, Weirdness & Mutations

You cannot wear most types of armour.
You are very stealthy in the water. (Stealth+)
You are amphibious.
You can wear up to eight rings at the same time.
You can use your tentacles to constrict eight enemies at once.
Your skin changes colour to match your surroundings (Stealth+).
Your rubbery body absorbs attacks. (AC +1, EV +1)


Message History

The ice beast hits you. The ice beast freezes you.
You tentacle-slap the ice beast but do no damage.
The ice beast is severely wounded.
The ice beast closely misses you.
You tentacle-slap the ice beast.
The ice beast is severely wounded.
The ice beast hits you.
* * * LOW HITPOINT WARNING * * *
The ice beast freezes you.
* * * LOW HITPOINT WARNING * * *
You tentacle-slap the ice beast.
The ice beast is almost dead.
The ice beast barely misses you.
Okay, then.
You tentacle-slap the ice beast.
The ice beast is almost dead.
The ice beast hits you.
* * * LOW HITPOINT WARNING * * *
The ice beast freezes you!
You die...

###..#.# ########.#.# >.
+....w...#.####
....######........#
.......<.)........#
############.##......).#
...........#..รท........#
.........#.####Y.......#
....Yo...#.....@.......#
.........######........#
..(......# .......####
.........# #######.#
.......w.# #.# $........#
... .........# ## #
+###......


You could see an ice beast and a worm (fleeing).

Vanquished Creatures
  Blork the orc (D:4)
  An orc priest (D:4)
  Natasha (twice) (D:3)
  2 adders (D:2)
  5 worms
  A dart slug (D:1)
  2 leopard geckos (D:3)
  A ball python (D:3)
  5 bats
  A giant cockroach (D:1)
  10 goblins
  6 hobgoblins
  4 jackals
  2 quokkas
  6 frilled lizards
  5 kobolds
  7 rats
61 creatures vanquished.

Notes
Turn   | Place    | Note
-------+----------+-------------------------------------------
     0 | D:1      | kae the Octopode Transmuter began the quest for the Orb.
     0 | D:1      | Reached XP level 1. HP: 13/13 MP: 3/3
   263 | D:1      | Reached XP level 2. HP: 11/18 MP: 3/5
  1062 | D:2      | Reached XP level 3. HP: 23/23 MP: 6/6
  1066 | D:2      | Learned a level 2 spell: Sticks to Snakes
  1073 | D:2      | Found a shadowy altar of Dithmenos.
  1483 | D:2      | Reached XP level 4. HP: 16/28 MP: 7/7
  1918 | D:3      | Found a glowing silver altar of Zin.
  1995 | D:3      | Found an ornate altar of the Wu Jian Council.
  2066 | D:3      | Found a runed door.
  2170 | D:3      | Found a sacrificial altar of Ru.
  2173 | D:3      | Found an opulent altar of Gozag.
  2176 | D:3      | Found a glowing golden altar of the Shining One.
  2179 | D:3      | Found a hazy altar of Hepliaklqana.
  2426 | D:3      | Noticed Natasha
  2432 | D:3      | Killed Natasha
  2433 | D:3      | Noticed Natasha
  2441 | D:3      | Killed Natasha
  2441 | D:3      | Reached skill level 4 in Unarmed Combat
  2441 | D:3      | Reached XP level 5. HP: 21/34 MP: 8/8
  2589 | D:3      | Noticed kae's ghost (amateur OpTm)
  3141 | D:4      | Noticed Blork the orc
  3279 | D:3      | Learned a level 3 spell: Spider Form
  3345 | D:4      | Killed Blork the orc
  3531 | D:4      | Noticed an ice beast
  3554 | D:4      | Reached XP level 6. HP: 41/41 MP: 5/10
  3571 | D:4      | HP: 2/41 [ice beast (4)]
  3571 | D:4      | Mangled by an ice beast

Skill      XL: |  1  2  3  4  5 |
---------------+----------------+-----
Fighting       | 2 |  2.5
Unarmed Combat | 4 |  4.4
Dodging        | 3 |  3.1
Transmutations | 3 |  3.1
Spellcasting   | |  2.8

Action                   |  1- 3 |  4- 6 || total
-------------------------+-------+-------++-------
Melee: Unarmed           |    57 |    78 ||   135
       Constrict         |    21 |    16 ||    37
       Kick              |     7 |     6 ||    13
       Punch             |     3 |     3 ||     6
       Tentacles         |     6 |    16 ||    22
 Cast: Beastly Appendage |    10 |    12 ||    22
       Sticks to Snakes  |     4 |       ||     4
       Spider Form       |       |     2 ||     2
  Use: Scroll            |       |     7 ||     7
 Stab: Sleeping          |     4 |     6 ||    10
  Eat: Chunk             |     2 |     4 ||     6
       Ration            |       |     1 ||     1
Armor: Skin              |       |     1 ||     1
Dodge: Dodged            |    32 |    46 ||    78
